 Dungeon Crawl Stone Soup version 0.18.1-5-g4a78601 (webtiles) character file.

99 dracos369 the Chopper (level 4, -6/37 HPs)
             Began as a Hill Orc Warper on May 14, 2016.
             Mangled by Robin
             ... wielding a +0 mace of protection
              (7 damage)
             ... on level 2 of the Dungeon.
             The game lasted 00:05:55 (2213 turns).

dracos369 the Chopper (Hill Orc Warper)             Turns: 2213, Time: 00:05:55

Health: -6/37      AC:  3    Str: 13    XL:     4   Next: 72%
Magic:  6/6        EV: 11    Int: 13    God:
Gold:   69         SH:  0    Dex: 11    Spells: 3 memorised, 1 level left

rFire  . . .     SeeInvis .     a - +0 hand axe
rCold  . . .     Gourm    .     b - +0 leather armour
rNeg   . . .     Faith    .     (no shield)
rPois  .         Spirit   .     (no helmet)
rElec  .         Dismiss  .     (no cloak)
rCorr  .         Reflect  .     (no gloves)
SustAt .         Harm     .     (no boots)
MR     .....                    (no amulet)
Stlth  +.........               (no ring)
                                (no ring)

@: not resistant to hostile enchantments, very unstealthy
A: no striking features
a: no special abilities


You were on level 2 of the Dungeon.
You were not hungry.

You visited 1 branch of the dungeon, and saw 2 of its levels.

You collected 69 gold pieces.

Inventory:

Hand Weapons
 a - a +0 hand axe (weapon)
 h - a +1 dagger of venom
Missiles
 e - 2 tomahawks of dispersal (quivered)
 g - 8 needles of confusion
Armour
 b - a +0 leather armour (worn)
 j - a +0 buckler
Jewellery
 n - an uncursed ring of magical power {unknown}
Scrolls
 d - a scroll of blinking
 i - a scroll of remove curse
 l - a scroll of random uselessness {unknown}
 m - 2 scrolls of identify
Books
 c - a book of Spatial Translocations

   Spells                             Type                      Level
   a - Apportation                    Translocation                1
   b - Blink                          Translocation                2
   c - Shroud of Golubria             Charms/Translocation         2
   d - Portal Projectile              Translocation                3
   e - Teleport Other                 Translocation                3
   f - Passage of Golubria            Translocation                4
Comestibles
 f - 2 bread rations
 k - 4 beef jerkies


   Skills:
 - Level 2.4 Fighting
 + Level 6.3 Axes
 - Level 0.8 Throwing
 - Level 1.1 Armour
 - Level 1.5 Dodging
 - Level 1.5 Spellcasting
 - Level 2.4 Translocations


You had one spell level left.
You knew the following spells:

 Your Spells              Type           Power        Failure   Level  Hunger
a - Apportation           Tloc           #.........   14%         1    ##.....
b - Blink                 Tloc           N/A          21%         2    ###....
c - Shroud of Golubria    Chrm/Tloc      #.........   34%         2    ###....


Dungeon Overview and Level Annotations

Branches:
Dungeon (2/15)

Altars:
Ashenzari

Annotations:
D:2 Robin


Message History

Robin roars a battlecry!
The goblin goes into a battle-frenzy!
The goblin hits you.
* * * LOW HITPOINT WARNING * * *
Throwing (i - inventory):
e - 4 tomahawks of dispersal (quivered)
Press: ? - help, Shift-Dir - straight line, f/p - hobgoblin
Aim: a hobgoblin, wielding a club (lightly wounded, unusually strong)
You throw a tomahawk of dispersal.
The tomahawk of dispersal hits the hobgoblin!
The hobgoblin blinks!
You feel a bit more experienced. The goblin misses you.
Robin barely misses you.
Throwing (i - inventory):
e - 3 tomahawks of dispersal (quivered)
Press: ? - help, Shift-Dir - straight line, f - Robin
Aim: Robin, wielding a mace of protection, wearing an animal skin and wearing a helmet (translocational energy)
You throw a tomahawk of dispersal.
The tomahawk of dispersal closely misses Robin.
The goblin hits you.
* * * LOW HITPOINT WARNING * * *
Robin hits you with a mace of protection!
You die...

#.<# #.#.##
#.######..###.#.#
...........##.#.#
#....###...##.#.# #
#..........##.#.#
#####.#.##.####..#.#..#
......#%##..........#.#
#....gg###.###..#...##
#@# #.# #..##.## #.#
#.###..##.# #.#
#.##...##.#
######.###.##..###.#
#............#.##..###.#
#..#######.............#
#######..###
#.#.#.........#
#..........###
#.#.####..#####
............. ..#.# #..#


You could see Robin and a goblin.

Vanquished Creatures
  Natasha (D:2)
  2 adders
  An ooze (D:1)
  3 giant geckos (D:1)
  3 bats (D:1)
  A giant cockroach (D:2)
  11 goblins
  11 hobgoblins
  4 kobolds
  2 giant newts (D:1)
  5 rats (D:1)
44 creatures vanquished.

Notes
Turn   | Place    | Note
--------------------------------------------------------------
     0 | D:1      | dracos369 the Hill Orc Warper began the quest for the Orb.
     0 | D:1      | Reached XP level 1. HP: 18/18 MP: 3/3
   235 | D:1      | Reached skill level 3 in Axes
   323 | D:1      | Reached XP level 2. HP: 18/25 MP: 4/4
   451 | D:1      | Reached skill level 4 in Axes
   715 | D:1      | Learned a level 2 spell: Blink
   889 | D:1      | Reached XP level 3. HP: 29/30 MP: 5/5
  1074 | D:2      | Reached skill level 5 in Axes
  1731 | D:2      | Learned a level 2 spell: Shroud of Golubria
  1774 | D:2      | Noticed Natasha
  1794 | D:2      | Killed Natasha
  1794 | D:2      | Reached XP level 4. HP: 3/37 MP: 6/6
  2122 | D:2      | Reached skill level 6 in Axes
  2134 | D:2      | Found a shattered altar of Ashenzari.
  2188 | D:2      | Noticed Robin
  2213 | D:2      | HP: 1/37 [goblin[Robin] (5)]
  2213 | D:2      | Mangled by Robin

Skill      XL: |  1  2  3  4 |
---------------+-------------+-----
Axes           | 3 4 5 6 |  6.3
Fighting       | |  2.4
Throwing       | |  0.8
Armour         | |  1.1
Dodging        | |  1.5
Spellcasting   | |  1.5
Translocations | |  2.4

Action                   |  1- 3 |  4- 6 || total
-------------------------+-------+-------++-------
Melee: Hand axe          |    94 |    31 ||   125
Throw: Tomahawk          |       |     3 ||     3
  Use: Potion            |     2 |       ||     2
       Scroll            |     1 |       ||     1
  Eat: Chunk             |     3 |     1 ||     4
Armor: Leather armour    |    32 |    12 ||    44
Dodge: Dodged            |    47 |    22 ||    69
